 Dungeon Crawl Stone Soup version 0.29.1-12-g30fa7ad0bf (webtiles) character file.

Game seed: 14957240430521154428

2746 boopmooplesden the Cruncher (level 9, -25/75 HPs)
             Began as a Minotaur Gladiator on Dec 24, 2022.
             Annihilated by a tentacled starspawn (33 damage)
             ... on level 2 of the Abyss.
             The game lasted 00:07:09 (7666 turns).

boopmooplesden the Cruncher (Minotaur Gladiator)    Turns: 7666, Time: 00:07:10

Health: -25/75     AC:  9    Str: 28    XL:     9   Next: 41%
Magic:  8/8        EV: 12    Int:  5    God:
Gold:   1050       SH:  0    Dex: 13    Spells: 8/8 levels left

rFire   + . .      SeeInvis .   k - +3 quarterstaff of Hacking and Slashing {drain, rF+ rC- Str+6}
rCold   x . .      Faith    .   (shield currently unavailable)
rNeg    . . .      Spirit   .   f - +0 scale mail
rPois   .          Reflect  .   c - +1 hat
rElec   .          Harm     .   (no cloak)
rCorr   .          Rampage  .   (no gloves)
Will    .....                   (no boots)
Stlth   +.........              (no amulet)
HPRegen 0.22/turn               (no ring)
MPRegen 0.11/turn               (no ring)

@: no status effects
A: horns 2, retaliatory headbutt
a: no special abilities


You were on level 2 of the Abyss.
You visited 1 branch of the dungeon, and saw 7 of its levels.
You visited the Abyss 1 time.

You collected 1311 gold pieces.
You spent 261 gold pieces at shops.

Inventory:

Hand Weapons
 a - a +0 quarterstaff
 k - the +3 quarterstaff of Hacking and Slashing (weapon) {drain, rF+ rC- Str+6}
   (You bought it in a shop on level 1 of the Dungeon)

   A truly terrible weapon, it drains the life of any living foe it strikes.
   Str:       It affects your strength (+6).
   rF:        It protects you from fire.
   rC:        It makes you vulnerable to cold.
Missiles
 d - a throwing net (quivered)
 e - a javelin
Armour
 b - a +0 leather armour
 c - a +1 hat (worn)
 f - a +0 scale mail (worn)
 g - a +0 plate armour
 o - a +0 ring mail
Jewellery
 q - an amulet of regeneration
 s - an amulet of reflection
 w - a ring of positive energy
Wands
 i - a wand of acid (11)
 u - a wand of charming (6)
 y - a wand of flame (52)
Scrolls
 n - a scroll of amnesia
 r - 2 scrolls of enchant armour
 v - a scroll of magic mapping
 z - 5 scrolls of identify
 A - a scroll of silence
Potions
 h - 3 potions of curing
 j - a potion of magic
 l - a potion of degeneration
 m - a potion of lignification {unknown}
 p - a potion of might {unknown}
 t - a potion of invisibility {unknown}
 x - a potion of cancellation {unknown}
 B - 2 potions of attraction {unknown}
 C - a potion of berserk rage {unknown}
 D - 2 potions of resistance {unknown}


   Skills:
 + Level 5.8 Fighting
 + Level 11.1 Staves
 + Level 2.2 Throwing
 + Level 7.9 Armour
 + Level 5.3 Dodging
 + Level 2.4 Stealth


You had 8 spell levels left.
You didn't know any spells.
Your spell library contained the following spells:

 Spells                   Type           Power      Damage    Failure   Level
 Beastly Appendage        Tmut           0%         N/A       71%         1
 Ensorcelled Hibernation  Hex/Ice        0%         N/A       85%         2
 Passwall                 Tmut/Erth      0%         N/A       85%         2
 Wereblood                Tmut           0%         N/A       85%         2
 Spider Form              Tmut/Pois      0%         N/A       97%         3
 Swiftness                Air            0%         N/A       97%         3
 Anguish                  Hex/Necr       0%         N/A       100%        4


Dungeon Overview and Level Annotations

Branches:
Dungeon (7/15)             Temple (0/1) D:6

Altars:
Gozag
Makhleb

Shops:
D:1 (

Annotations:
D:4 Natasha


Innate Abilities, Weirdness & Mutations

You have a pair of horns on your head.
You reflexively headbutt those who attack you in melee.


Message History

The small abomination barely misses you.
You closely miss the small abomination.
Your headbutt misses the small abomination.
You closely miss the small abomination. You headbutt the small abomination!
The small abomination is heavily damaged.
The small abomination barely misses you.
You furiously retaliate!
You headbutt the small abomination.
You hit the small abomination but do no damage.
The small abomination is heavily damaged.
The small abomination closely misses you.
You sock the small abomination!
You destroy the small abomination!
Found a gateway leading deeper into the Abyss.
A white imp comes into view.
The white imp shouts, "Scamper hence, thou dankish crook-pated bum-bailey!"
The white imp gestures at you. The puff of frost misses you.
The white imp gestures at you. The puff of frost hits you!
You feel a terrible chill! The white imp gestures at you.
The puff of frost hits you!
You feel a terrible chill! The white imp closely misses you.
You hit the white imp.
The white imp is moderately wounded.
You sock the white imp!
You kill the white imp!
A tentacled starspawn comes into view.
A tentacle flies out from the starspawn's body!
A starspawn tentacle comes into view.
The tentacled starspawn bites you.
The tentacled starspawn tentacle-slaps you!
The tentacled starspawn attacks as you move away!
The tentacled starspawn bites you!!
* * * LOW HITPOINT WARNING * * *
The tentacled starspawn tentacle-slaps you.
* * * LOW HITPOINT WARNING * * *
An efreet comes into view.
It is wielding a +4 scimitar of flaming.
The tentacled starspawn attacks as you move away!
The tentacled starspawn bites you!!
You die...

.. ........ ...
#......# ...
...##......##....
.................
.................
R.............. .
................ .
.......@X..........
#.#..#.....###. .#
##......#.###.#
#..#...#......## #.
####..#.#..## #
....#...##.#
##..#.#.###
#.#.#..##§#
.....##..##§#..# .


You could see a tentacled starspawn and an efreet (wandering).

Vanquished Creatures
  Pikel (D:4)
  Joseph (D:7)
  Duvessa (D:5)
  2 water moccasins
  A small abomination (Abyss:2)
  2 black bears (D:4)
  A sky beast (D:7)
  An ice beast (D:5)
  A centaur (D:6)
  2 phantoms
  A necrophage (D:4)
  3 scorpions
  Dowan (D:5)
  3 hounds
  Natasha (twice) (D:4)
  A gnoll bouda (D:7)
  7 iguanas
  3 orc wizards
  6 gnolls
  5 adders
  2 white imps
  2 worms
  6 dart slugs
  8 orcs
  12 ball pythons
  7 endoplasms
  6 giant cockroaches
  4 goblins (D:1)
  9 hobgoblins
  7 jackals
  8 kobolds
  A quokka (D:1)
  5 bats
  4 frilled lizards
  5 rats
131 creatures vanquished.

Vanquished Creatures (others)
  2 starspawn tentacles (Abyss:2)
  3 toadstools (D:6)
5 creatures vanquished.

Grand Total: 136 creatures vanquished

Notes
Turn   | Place    | Note
-------+----------+-------------------------------------------
     0 | D:1      | boopmooplesden the Minotaur Gladiator began the quest for
                  | the Orb.
     0 | D:1      | Reached XP level 1. HP: 18/18 MP: 0/0
    52 | D:1      | Reached XP level 2. HP: 18/25 MP: 1/1
    64 | D:1      | Reached skill level 4 in Staves
   580 | D:1      | Found a faded altar of an unknown god.
   628 | D:1      | Reached XP level 3. HP: 29/30 MP: 2/2
   676 | D:1      | Reached skill level 1 in Armour
   864 | D:1      | Found Vaumneq's Antique Weapon Shop.
  1479 | D:2      | Reached XP level 4. HP: 37/37 MP: 3/3
  2415 | D:3      | Reached skill level 5 in Staves
  3085 | D:3      | Reached XP level 5. HP: 45/45 MP: 4/4
  3391 | D:4      | Reached skill level 6 in Staves
  3424 | D:4      | Noticed Natasha
  3431 | D:4      | Killed Natasha
  3459 | D:4      | Noticed Natasha
  3476 | D:4      | Killed Natasha
  3695 | D:4      | Noticed a phantom
  3703 | D:4      | Killed a phantom
  3704 | D:4      | Reached XP level 6. HP: 42/51 MP: 5/5
  3787 | D:4      | Reached skill level 7 in Staves
  3949 | D:4      | Noticed Pikel
  3973 | D:4      | Killed Pikel
  3974 | D:4      | Reached skill level 8 in Staves
  3974 | D:4      | Reached skill level 1 in Stealth
  3974 | D:4      | Reached XP level 7. HP: 37/59 MP: 6/6
  4260 | D:4      | Found a burning altar of Makhleb.
  4566 | D:4      | Noticed Natasha
  4629 | D:4      | Reached skill level 5 in Armour
  4629 | D:4      | Reached XP level 8. HP: 55/67 MP: 7/7
  4801 | D:4      | Reached skill level 9 in Staves
  5047 | D:5      | Entered Level 5 of the Dungeon
  5163 | D:1      | Bought an ichor-stained quarterstaff for 261 gold pieces
  5163 | D:1      | Identified the +3 quarterstaff of Hacking and Slashing
                  | {drain, rF+ rC- Str+6} (You bought it in a shop on level 1
                  | of the Dungeon)
  5456 | D:5      | Noticed Duvessa
  5456 | D:5      | Noticed Dowan
  5469 | D:5      | Killed Duvessa
  5470 | D:5      | Killed Dowan
  5722 | D:5      | Reached skill level 5 in Fighting
  5773 | D:5      | Reached skill level 10 in Staves
  6335 | D:6      | Reached skill level 5 in Dodging
  6667 | D:6      | Reached XP level 9. HP: 72/74 MP: 8/8
  6740 | D:6      | Found a staircase to the Ecumenical Temple.
  7217 | D:6      | Identified a scroll of acquirement
  7217 | D:6      | Acquired 822 gold pieces
  7242 | D:7      | Noticed Joseph
  7257 | D:7      | Killed Joseph
  7258 | D:7      | Found an opulent altar of Gozag.
  7594 | D:7      | Reached skill level 11 in Staves
  7599 | Abyss:2  | Cast into level 2 of the Abyss (gnoll)
  7659 | Abyss:2  | Noticed a tentacled starspawn
  7665 | Abyss:2  | Noticed an efreet
  7666 | Abyss:2  | Annihilated by a tentacled starspawn

Illustrated notes

Levels and vault maps discovered:
D:1:      mrwooster_arrival_statue, layout_loops_cross, serial_shops,
          nicolae_shop_stone, chequers_ecumenical_altar_simple,
          minmay_heptomino_d4
D:2:      minmay_evil_eye, layout_basic
D:3:      layout_loops_ring, nicolae_concentric_dashed_squares_mild
D:4:      black_bear_nest_2, layout_basic, kennysheep_cross_room,
          minmay_tree_intersection, wad_floor_pattern_untrapped,
          kennysheep_small_circle, uniq_pikel, uniq_natasha
D:5:      dreamdust_elfheim, layout_cave_pods, corexii_shack,
          minmay_misc_feat_hallway
D:6:      layout_basic, minmay_temple_entry_glassed_door,
          minmay_gold_behind_fungi
D:7:      layout_rooms, nicolae_gozag_zags_fifth_avenue,
          mainiacjoe_overflow_catwalk, nicolae_overflow_hidden_temple,
          gammafunk_temple_overflow_wave, lemuel_tele_altar, uniq_duvessa,
          uniq_joseph
Abyss:2:  base: D:2, hangedman_decor_peaks_small

Skill      XL: |  1  2  3  4  5  6  7  8  9 |
---------------+----------------------------+-----
Staves         | 4 5 6 8 10 11 | 11.1
Armour         | 1 2 3 5 7 |  7.9
Dodging        | 4 5 |  5.3
Fighting       | 3 4 5 |  5.8
Stealth        | 1 2 |  2.4
Throwing       | |  2.2

Action                   |  1- 3 |  4- 6 |  7- 9 || total
-------------------------+-------+-------+-------++-------
Melee: Quarterstaff      |    94 |    97 |   146 ||   337
       Headbutt          |     7 |    24 |    31 ||    62
Throw: Throwing net      |       |     2 |       ||     2
  Use: Scroll            |       |     9 |     4 ||    13
 Stab: Held in net/web   |       |     2 |       ||     2
Armor: Leather armour    |    21 |    10 |       ||    31
       Scale mail        |       |    10 |    57 ||    67
Dodge: Dodged            |    64 |    35 |    83 ||   182
